 Dungeon Crawl Stone Soup version 0.28.0-1-gb440e238dd (webtiles) character file.

Game seed: 10399566072513127361

35 leafyfresh the Magician (level 3, 0/17 (19) HPs)
             Began as a Kobold Hedge Wizard on Feb 2, 2022.
             Slain by a necrophage (5 damage)
             ... on level 2 of the Dungeon on Feb 19, 2022.
             The game lasted 00:05:37 (2494 turns).

leafyfresh the Magician (Kobold Hedge Wizard)       Turns: 2494, Time: 00:05:38

HP:   0/17 (19)     AC:  2    Str:  7    XL:     3   Next: 55%
MP:   1/8           EV: 15    Int: 17    God:
Gold: 10            SH:  0    Dex: 14    Spells: 1/9 levels left

rFire   . . .      SeeInvis .   a - +0 dagger
rCold   . . .      Faith    .   (no shield)
rNeg    . . .      Spirit   .   b - +0 robe
rPois   .          Reflect  .   c - +0 hat
rElec   .          Harm     .   (no cloak)
rCorr   .          Rampage  .   (no gloves)
Will    .....                   (no boots)
Stlth   +++.......              (no amulet)
HPRegen 0.05/turn               (no ring)
MPRegen 0.11/turn               (no ring)

@: heavily drained
A: small, no large weapons, nightstalker 3
a: no special abilities


You were on level 2 of the Dungeon.
You visited 1 branch of the dungeon, and saw 2 of its levels.

You collected 10 gold pieces.

Inventory:

Hand Weapons
 a - a +0 dagger (weapon)
 e - a +0 whip
Missiles
 h - 6 javelins
Armour
 b - a +0 robe (worn)
 c - a +0 hat (worn)
Scrolls
 f - a scroll of fog {unknown}
 i - 3 scrolls of identify {unknown}
 j - a scroll of enchant weapon {unknown}
Potions
 d - a potion of attraction {unknown}
 g - a potion of ambrosia {unknown}
 k - a potion of degeneration {unknown}


   Skills:
 + Level 0.2 Fighting
 + Level 0.3 Short Blades
 + Level 2.8 Dodging
 + Level 3.4 Stealth
 + Level 3.8 Spellcasting
 + Level 1.2 Conjurations
 + Level 1.2 Summonings
 + Level 1.0 Translocations


You had one spell level left.
You knew the following spells:

 Your Spells              Type           Power      Damage    Failure   Level
a - Magic Dart            Conj           28%        1d4       10%         1
b - Blink                 Tloc           12%        N/A       16%         2
c - Mephitic Cloud        Conj/Pois/Air  4%         N/A       38%         3
d - Call Imp              Summ           7%         N/A       14%         2

Your spell library contained the following spells:

 Spells                   Type           Power      Damage    Failure   Level
 Slow                     Hex            12%        N/A       16%         1
 Conjure Flame            Conj/Fire      5%         6-21      36%         3


Dungeon Overview and Level Annotations

Branches:
Dungeon (2/15)

Altars:

Annotations:
D:2 Natasha


Innate Abilities, Weirdness & Mutations

You are small and have problems with some larger weapons.
You are completely attuned to the shadows.


Message History

Aim: a necrophage (lightly damaged, 100% to hit)
The magic dart hits the necrophage.
The necrophage is moderately damaged.
The necrophage hits you but does no damage.
Casting: Magic Dart (safe; 10% risk of failure)
Confirm with . or Enter, or press ? or * to list all spells.
Aiming: Magic Dart (safe; 10% risk of failure)
Press: ? - help, Shift-Dir - straight line, f/p - necrophage
Aim: a necrophage (lightly damaged, 100% to hit)
The magic dart hits the necrophage but does no damage.
The necrophage is lightly damaged.
The necrophage hits you.
Casting: Magic Dart (safe; 10% risk of failure)
Confirm with . or Enter, or press ? or * to list all spells.
You don't have enough magic to cast this spell.
Unknown command.
Casting: Magic Dart (safe; 10% risk of failure)
Confirm with . or Enter, or press ? or * to list all spells.
You don't have enough magic to cast this spell.
Unknown command.
Casting: Magic Dart (safe; 10% risk of failure)
Confirm with . or Enter, or press ? or * to list all spells.
You don't have enough magic to cast this spell.
You hit the necrophage.
The necrophage is moderately damaged.
An orc comes into view. It is wielding a +0 trident.
The necrophage hits you.
You feel drained.
You hit the necrophage.
The necrophage is moderately damaged.
The necrophage hits you.
* * * LOW HITPOINT WARNING * * *
You feel drained.
Your magical contamination has completely faded away.
You barely miss the necrophage.
The necrophage is moderately damaged.
The necrophage barely misses you.
You hit the necrophage.
The necrophage is heavily damaged.
The necrophage hits you.
You die...

#..........######..#####..#
#..........#..............#
#######..........#.####.........#
.................#.#####..†.##.##
#######..........#)#.. +....##..#
.................#.#.# #....###.#
################.#.#.# #....# #..
#.#.#<###....####.
#@#........#.##.h÷ ...
#n######..#.)##.#.
#..########wo.............#h
........w..o..)...####...÷#.
..................# #....#.
#.....########....# #....#.
.......... #..###. ####.#.
#.....#### #..# #.#. #.....# #..#
#.#.


You could see a necrophage, a worm, an orc priest and an orc.

Vanquished Creatures
  3 endoplasms
  3 goblins (D:2)
  2 hobgoblins (D:2)
  8 jackals
  3 kobolds (D:1)
  A quokka (D:2)
  3 ball pythons
  3 bats
  2 frilled lizards (D:2)
  2 rats (D:1)
30 creatures vanquished.

Notes
Turn   | Place    | Note
-------+----------+-------------------------------------------
     0 | D:1      | leafyfresh the Kobold Hedge Wizard began the quest for the
                  | Orb.
     0 | D:1      | Reached XP level 1. HP: 10/10 MP: 4/4
   306 | D:1      | Reached XP level 2. HP: 15/15 MP: 6/6
  1298 | D:2      | Reached XP level 3. HP: 18/19 MP: 8/8
  1301 | D:2      | Learned a level 2 spell: Blink
  1305 | D:2      | Learned a level 3 spell: Mephitic Cloud
  1308 | D:2      | Learned a level 2 spell: Call Imp
  1565 | D:2      | Noticed Natasha
  2304 | D:2      | Upgraded the game from 0.28-b1-25-g9875b3fc8c to 0.28.0
  2304 | D:2      | Upgraded the game from 0.28.0 to 0.28.0-1-gb440e238dd
  2467 | D:2      | Noticed a necrophage
  2494 | D:2      | Slain by a necrophage

Illustrated notes

Levels and vault maps discovered:
D:1:      minmay_arrival_stone_box, layout_rooms
D:2:      cheibrodos_pilgrimage, layout_basic, minivault_24,
          due_unseen_surprise, uniq_natasha

Skill      XL: |  1  2 |
---------------+-------+-----
Stealth        | 3 |  3.4
Fighting       | |  0.2
Short Blades   | |  0.3
Dodging        | |  2.8
Spellcasting   | |  3.8
Conjurations   | |  1.2
Summonings     | |  1.2
Translocations | |  1.0

Action                   || total
-------------------------++-------
Melee: Dagger            ||   121
 Cast: Magic Dart        ||    38
       Blink             ||     2
 Stab: Sleeping          ||    11
Armor: Robe              ||    26
Dodge: Dodged            ||   182
